Map: Polka LE

Players

qqq - Winner!

  • Race: Zerg Zerg
  • Spawn Location: 5:00

Massa - Winner!

  • Race: Terran Terran
  • League: Platinum
  • Spawn Location: 5:00

Doggiefruit

  • Race: Terran Terran
  • Spawn Location: 11:00

Entedieente

  • Race: Protoss Protoss
  • League: Diamond
  • Spawn Location: 11:00

VOD

Have the link to the VOD?

Description

Time

  • Played on: March 15, 2021, 12:30 p.m.
  • Length: 8:36
Show
View Real Time Build Order
Export as new Build Order

qqq Zerg - Winner!

Build Orders: Hatch First 

Get SALT Encoding   

  12  0:06  Drone  
  13  0:08  Drone  
  14  0:21  Overlord  
  14  0:49  Hatchery  
  13  0:53  Drone x2  
  13  0:55  Drone  
  16  1:15  Spawning Pool  
  16  1:16  Extractor  
  14  1:25  Drone  
  15  1:26  Drone  
  16  1:34  Drone  
  16  1:39  Drone  
  18  1:47  Drone  
  18  2:10  Drone x3  
  21  2:17  Drone  
  21  2:18  Queen x2  
  26  2:23  Metabolic Boost  
  26  2:33  Drone, Evolution Chamber  
  26  2:36  Drone  
  27  2:51  Drone  
  27  2:53  Overlord  
  28  3:00  Overlord  
  28  3:09  Overlord  
  28  3:12  Drone  
  29  3:13  Drone, Zergling x4  
  32  3:20  Zergling x2  
  32  3:23  Zerg Melee Weapons Level 1  
  33  3:34  Zergling x10  
  36  3:38  Drone  
  36  3:39  Zergling x2  
  40  3:43  Zergling x2  
  40  3:44  Zergling x2  
  40  3:46  Zergling x2  
  43  3:53  Drone  
  44  3:58  Zergling x2  
  44  4:02  Zergling x2  
  46  4:06  Zergling x2  
  46  4:07  Zergling x6  
  46  4:09  Overlord  
  50  4:10  Drone  
  50  4:12  Zergling x2  
  52  4:19  Overlord  
  52  4:20  Overlord  
  52  4:30  Zergling x4  
  54  4:45  Drone, Zergling x2  
  55  4:46  Zergling x4  
  55  4:52  Hatchery  
  57  5:19  Zergling x14  
  57  5:20  Zergling x8  
  64  5:31  Zergling x4  
  60  5:41  Zergling x2  
  57  5:45  Zerg Ground Armor Level 1  
  57  5:46  Lair  
  52  6:03  Spore Crawler  
  51  6:06  Spore Crawler  
  48  6:12  Zergling x2  
  48  6:13  Drone x2, Zergling x4  
  48  6:14  Queen  
  48  6:17  Drone x2  
  57  6:27  Overlord x2  
  57  6:30  Spore Crawler  
  48  6:33  Extractor  
  48  6:34  Drone x2  
  48  6:37  Extractor  
  45  6:40  Drone x2  
  45  6:43  Drone  
  45  6:44  Drone x3  
  45  6:45  Extractor  
  44  6:48  Zergling x2  
  44  6:49  Zergling x12  
  47  7:01  Zergling x4  
  48  7:15  Zergling x4  
  46  7:26  Drone, Zergling x2  
  46  7:34  Zergling x4  
  46  7:44  Zergling x4  
  44  7:54  Zergling x8  
  48  8:00  Zergling x2  
  48  8:05  Zergling x2  
  50  8:11  Zergling x2  
  48  8:17  Drone x6  
Show
View Real Time Build Order
Export as new Build Order

Massa Terran - Winner!

Build Orders: 2 Factory, Reaper Expand 

Get SALT Encoding   

  12  0:01  SCV  
  13  0:13  SCV  
  14  0:23  Supply Depot  
  14  0:25  SCV  
  15  0:42  Refinery  
  15  0:45  SCV  
  15  0:47  Barracks  
  16  1:05  SCV  
  16  1:10  Supply Depot  
  17  1:17  SCV  
  18  1:43  Orbital Command  
  18  1:44  Command Center  
  18  1:48  Reaper  
  19  2:12  SCV  
  19  2:14  Refinery  
  20  2:16  Factory  
  20  2:24  SCV  
  21  2:36  SCV  
  22  2:51  Factory  
  22  2:52  Barracks Tech Lab  
  22  2:58  Orbital Command  
  22  2:59  SCV  
  22  3:00  Refinery  
  23  3:11  SCV  
  24  3:20  Barracks Tech Lab, Cyclone  
  24  3:25  SCV  
  24  3:26  SCV  
  29  3:38  SCV x2  
  31  3:42  Cyclone  
  34  3:48  Engineering Bay  
  34  3:50  SCV x2  
  34  3:53  Cyclone  
  39  3:59  Refinery  
  39  4:02  SCV x2  
  41  4:06  Supply Depot  
  41  4:11  Mag-Field Accelerator  
  41  4:13  Supply Depot  
  41  4:14  Cyclone  
  44  4:17  SCV  
  44  4:18  SCV  
  46  4:33  Cyclone  
  46  4:36  SCV x2  
  51  4:40  Missile Turret  
  51  4:45  Missile Turret  
  51  4:46  Cyclone  
  51  4:49  Barracks Tech Lab  
  54  4:59  Barracks Tech Lab  
  51  5:21  Stimpack  
  45  5:27  Barracks  
  42  5:29  Barracks  
  42  5:31  Barracks  
  42  5:37  Cyclone  
  42  5:38  Cyclone  
  42  5:42  SCV x2  
  47  5:54  SCV x2, Marine, Missile Turret  
  49  6:03  Supply Depot  
  49  6:04  Missile Turret, Supply Depot x2  
  49  6:05  Terran Infantry Weapons Level 1, Supply Depot  
  49  6:06  SCV  
  47  6:12  Marine  
  47  6:14  Siege Tank  
  45  6:19  Barracks Reactor, Barracks Tech Lab  
  45  6:20  Barracks Reactor  
  45  6:24  Siege Tank  
  47  6:29  Marine  
  48  6:41  SCV x2  
  50  6:47  Marine  
  50  6:49  Command Center  
  50  6:52  Combat Shield  
  50  6:53  SCV x2, Missile Turret  
  53  6:55  Marauder, Marine  
  53  6:57  Marine  
  53  6:59  Marine  
  53  7:00  Marine, Concussive Shells  
  59  7:05  SCV  
  59  7:06  Marauder  
  62  7:13  Marine  
  63  7:15  Marine  
  63  7:16  Marine  
  63  7:17  SCV  
  63  7:18  Marine x2  
  68  7:26  Marine  
  68  7:27  Starport  
  69  7:31  Marine  
  69  7:33  Marine  
  69  7:34  Marine  
  69  7:35  Starport  
  69  7:36  SCV x2, Marine  
  75  7:39  Marine  
  76  7:45  Widow Mine x2, Marauder  
  76  7:49  Marine  
  76  7:51  Marine  
  83  7:52  Marauder  
  84  8:16  SCV x2  
  86  8:28  Missile Turret x3  
Show
View Real Time Build Order
Export as new Build Order

Doggiefruit Terran 

Build Orders:  

Get SALT Encoding   

  12  0:00  SCV  
  13  0:12  SCV  
  14  0:21  Supply Depot  
  14  0:24  SCV  
  15  0:42  SCV  
  16  0:43  Barracks  
  16  0:48  Refinery  
  16  0:54  SCV  
  17  1:06  SCV  
  18  1:19  SCV  
  19  1:30  Marine  
  19  1:31  SCV  
  21  1:43  Orbital Command  
  21  1:46  Command Center  
  21  1:50  Marine  
  22  2:11  SCV  
  23  2:21  Supply Depot  
  23  2:26  Refinery  
  23  2:31  Barracks  
  23  2:33  Factory  
  23  2:42  SCV, Marine  
  25  2:49  Engineering Bay  
  25  2:52  Supply Depot  
  25  2:55  SCV  
  26  2:59  Orbital Command  
  26  3:07  SCV  
  27  3:18  Barracks Reactor  
  27  3:19  Starport, SCV, Factory Tech Lab  
  28  3:20  Barracks Tech Lab  
  28  3:27  SCV  
  29  3:50  Barracks  
  29  3:55  Marine  
  30  3:56  Stimpack  
  30  3:57  Medivac  
  30  4:01  SCV x2  
  34  4:03  Marine x2  
  36  4:15  SCV x2  
  38  4:26  Marine, Command Center  
  38  4:27  SCV x2, Marine x2  
  38  4:29  Siege Tank  
  46  4:39  SCV x2  
  46  4:40  Refinery  
  46  4:41  Terran Infantry Weapons Level 1  
  46  4:44  Marine x2  
  50  4:50  Marine  
  50  4:51  SCV, Marine  
  53  5:26  Marine  
  53  5:28  Marine x3  
  46  5:30  Siege Tank  
  46  5:31  SCV  
  46  5:32  SCV  
  46  5:33  Supply Depot  
  34  5:43  SCV  
  34  5:44  SCV  
  34  5:45  Marine x2  
  31  5:55  SCV  
  31  5:56  SCV, Orbital Command  
  31  6:07  SCV  
  31  6:08  SCV  
  33  6:15  Marine x2  
  35  6:19  SCV  
  35  6:25  Marine  
  19  7:03  Supply Depot  
  19  7:04  Marine x3  
  19  7:11  Marine  
  17  7:20  SCV x2  
  17  7:22  Marine x2  
  16  7:44  Marine x2  
  18  7:56  Marine  
  13  8:06  Marine  
  13  8:10  Marine  
  12  8:13  Marine  
  12  8:19  SCV  
Show
View Real Time Build Order
Export as new Build Order

Entedieente Protoss 

Build Orders: 1 Gate Expand, Phoenix Opening, Mass Phoenix 

Get SALT Encoding   

  12  0:01  Probe  
  13  0:13  Probe  
  14  0:20  Pylon  
  14  0:25  Probe  
  15  0:37  Assimilator  
  15  0:38  Probe  
  16  0:50  Probe (Chrono Boost), Gateway  
  17  1:02  Probe (Chrono Boost)  
  18  1:08  Probe (Chrono Boost)  
  19  1:16  Probe  
  20  1:39  Nexus  
  20  1:45  Probe  
  21  1:47  Cybernetics Core  
  21  1:49  Assimilator  
  21  2:01  Probe  
  22  2:14  Probe  
  23  2:17  Pylon  
  23  2:35  Stargate  
  23  2:36  Probe  
  24  2:48  Probe (Chrono Boost)  
  25  2:54  Protoss Air Weapons Level 1  
  25  2:57  Probe (Chrono Boost)  
  26  3:00  Probe (Chrono Boost)  
  27  3:07  Probe (Chrono Boost)  
  27  3:08  Probe (Chrono Boost), Stargate  
  27  3:12  Probe (Chrono Boost)  
  29  3:14  Probe  
  29  3:19  Phoenix  
  33  3:23  Probe  
  33  3:26  Probe  
  35  3:35  Probe  
  35  3:38  Probe, Pylon  
  37  3:45  Pylon  
  37  3:52  Probe x2  
  37  3:54  Assimilator  
  39  3:56  Pylon  
  39  3:58  Phoenix x2 (Chrono Boost)  
  43  4:04  Probe x2  
  45  4:16  Probe x2  
  47  4:17  Pylon  
  47  4:21  Assimilator  
  47  4:22  Phoenix (Chrono Boost)  
  49  4:27  Phoenix (Chrono Boost)  
  49  4:29  Probe x2  
  53  4:41  Probe x2, Phoenix  
  57  4:51  Phoenix  
  59  4:53  Probe x2  
  61  5:05  Probe x2  
  62  5:19  Probe x2  
  62  5:20  Phoenix x2  
  40  5:32  Probe  
  40  5:33  Probe  
  40  5:44  Probe  
  40  5:45  Probe, Phoenix  
  43  5:57  Probe x2  
  44  6:09  Probe x2  
  44  6:21  Probe x2  
  46  6:35  Phoenix  
  46  6:40  Probe x2  
  48  6:52  Probe x2  
  50  7:04  Probe x2  
  52  7:16  Probe x2  
  54  7:28  Probe x2  
  56  7:40  Probe  
  56  7:41  Probe  
  58  7:53  Probe x2  
  58  8:05  Probe x2  
  51  8:17  Probe x2  
Tags
 
Add a new tag
Caveats
  • Supply blocks, unpowered buildings, or Contaminate may cause inaccurate times.
  • Supply counts are checked every 10 seconds.